 Dungeon Crawl Stone Soup version 0.25.1-9-gc5326a611f (webtiles) character file.

Game seed: 4436175345690737818

1381 raceaflais the Chopper (level 8, 0/60 HPs)
             Began as a Demonspawn Gladiator on Dec 31, 2020.
             Was a Believer of Trog.
             Killed from afar by Harold (35 damage)
             ... with an exploding inner flame
             ... hexed by the player character
             ... on level 7 of the Dungeon.
             The game lasted 00:21:51 (6378 turns).

raceaflais the Chopper (Demonspawn Gladiator)       Turns: 6378, Time: 00:21:53

Health: 0/60       AC: 12    Str: 17    XL:     8   Next: 39%
Magic:  8/8        EV: 15    Int:  9    God:    Trog [**....]
Gold:   165        SH:  4    Dex: 15    Spells: 7/7 levels left

rFire    . . .     SeeInvis .   F - +4 falchion (vorpal)
rCold    . . .     Gourm    .   t - +0 buckler
rNeg     + . .     Faith    .   y - +2 scale mail {rN+}
rPois    .         Spirit   .   c - +0 helmet
rElec    .         Reflect  .   (no cloak)
rCorr    .         Harm     .   (no gloves)
MR       .....     Rnd*Tele +   (no boots)
Stlth    ..........             (no amulet)
HPRegen  0.20/turn              k - +4 ring of evasion
MPRegen  0.11/turn              B - ring of teleportation

@: marked, hasted, very quick
A: talons 1, yellow scales 1, foul stench 1, rot immunity
a: Berserk, Trog's Hand, Renounce Religion


You were on level 7 of the Dungeon.
You worshipped Trog.
Trog was pleased with you.
You were not hungry.

You visited 2 branches of the dungeon, and saw 8 of its levels.

You collected 299 gold pieces.
You spent 134 gold pieces at shops.

Inventory:

Hand Weapons
 a - a +1 war axe
 i - a +0 whip
 l - a +1 vorpal hunting sling
 F - a +4 vorpal falchion (weapon)
Missiles
 d - 3 throwing nets (quivered)
 g - 227 stones
 n - 52 arrows
 v - 48 sling bullets
 z - 6 boomerangs
 G - 50 bolts
 I - 4 atropa-tipped darts
 J - 2 silver boomerangs
Armour
 c - a +0 helmet (worn)
 t - a +0 buckler (worn)
 y - a +2 scale mail of positive energy (worn)
Jewellery
 k - a +4 ring of evasion (left hand)
 B - a ring of teleportation (right hand)
 C - an uncursed ring of protection from cold
Wands
 b - a wand of polymorph (8)
Scrolls
 o - 8 scrolls of identify
 r - 2 scrolls of amnesia
 u - 5 scrolls of remove curse
 A - 4 scrolls of magic mapping
 D - 5 scrolls of teleportation
 H - a scroll of noise
Potions
 h - 2 potions of curing
 m - 3 potions of heal wounds
 E - a potion of degeneration
Comestibles
 f - 7 rations


   Skills:
 + Level 4.2 Fighting
 + Level 1.4 Long Blades
 + Level 6.8 Axes
   Level 0.7(4.2) Polearms
 + Level 1.9 Throwing
 + Level 3.9 Armour
 + Level 4.1 Dodging
 + Level 0.9 Stealth
 + Level 1.4 Shields


You had 7 spell levels left.
You didn't know any spells.
Your spell library was empty.

Dungeon Overview and Level Annotations

Branches:
Dungeon (7/15)             Temple (1/1) D:6

Altars:
Ashenzari
Cheibriados
Dithmenos
Elyvilon
Fedhas
Gozag
Hepliaklqana
Kikubaaqudgha
Makhleb
Nemelex Xobeh
Okawaru
Qazlal
Ru
Sif Muna
Trog
Uskayaw
Yredelemnul
The Shining One

Shops:
D:4 *


Innate Abilities, Weirdness & Mutations

You have sharp toenails.
You are partially covered in yellow scales. (AC +2)
You may emit foul miasma when damaged in melee.
You are immune to rotting.


Message History

The mark upon you grows brighter. The gnoll barely misses you.
A hound comes into view.
The gnoll hits you.
You hit Harold.
Flame seeps out of Harold. x2
Harold is heavily wounded.
Harold is engulfed in blazing flames.
Flame seeps out of Harold.
Harold hits you with a +0 scimitar! You block the gnoll's attack.
The gnoll closely misses you. You block the bullfrog's attack.
The gnoll hits you!
You slash Harold!
Flame seeps out of Harold. x3; You claw Harold.
Harold is severely wounded.
The bullfrog closely misses you. The gnoll closely misses you.
You hit Harold.
Flame seeps out of Harold. x3; You claw Harold.
Harold is almost dead.
A worker ant comes into view.
Harold is engulfed in blazing flames.
Harold explodes!
The fiery explosion engulfs you!!
Ouch! That really hurt!
You die...

## #.##
######..####++#
...........!....
.a.....§§g.#....
....h.§○@g......
###.#§F§g......
#.....#.#.#
#.........
#.......⌠..
#..........
........⌠..
##(..#....[.
......#.#.


You could see a bullfrog (inner flame), a hound, a worker ant and 3 gnolls.

Vanquished Creatures
  Sigmund (D:6)
  A water moccasin (D:6)
  A phantom (D:5)
  An ogre (D:6)
  3 bullfrogs
  A scorpion (D:5)
  A howler monkey (D:4)
  2 crimson imps (D:5)
  3 bullfrog skeletons
  3 hounds
  A jelly (D:6)
  An orc priest (D:6)
  An orc wizard (D:4)
  2 iguanas
  Natasha (D:2)
  2 worker ants
  A howler monkey skeleton (D:5)
  3 gnolls (D:5)
  9 adders
  An ooze (D:3)
  2 worms
  2 dart slugs (D:1)
  4 leopard geckos
  11 orcs
  A ball python (D:3)
  5 bats
  2 giant cockroaches
  4 goblins
  2 hobgoblins
  9 jackals
  3 quokkas
  6 frilled lizards
  A jackal skeleton (D:4)
  4 kobolds
  A leopard gecko zombie (D:6)
  7 rats
103 creatures vanquished.

Notes
Turn   | Place    | Note
-------+----------+-------------------------------------------
     0 | D:1      | raceaflais the Demonspawn Gladiator began the quest for the
                  | Orb.
     0 | D:1      | Reached XP level 1. HP: 16/16 MP: 1/1
   652 | D:1      | Gained mutation: You have sharp toenails. [demonic
                  | ancestry]
   652 | D:1      | Reached XP level 2. HP: 22/22 MP: 2/2
  1010 | D:2      | Reached skill level 3 in Axes
  1187 | D:2      | Gained mutation: You are immune to rotting. [demonic
                  | ancestry]
  1187 | D:2      | Reached XP level 3. HP: 25/27 MP: 3/3
  1863 | D:2      | Noticed Natasha
  1867 | D:2      | Killed Natasha
  1867 | D:2      | Reached skill level 1 in Armour
  1867 | D:2      | Reached XP level 4. HP: 34/34 MP: 4/4
  1962 | D:3      | Found a bloodstained altar of Trog.
  1988 | D:3      | Became a worshipper of Trog the Wrathful
  2231 | D:3      | Found an iron altar of Okawaru.
  2232 | D:3      | Found a burning altar of Makhleb.
  2474 | D:3      | Reached * piety under Trog
  2741 | D:4      | Reached XP level 5. HP: 37/41 MP: 5/5
  2808 | D:4      | Reached skill level 4 in Axes
  3547 | D:4      | Gained mutation: You are partially covered in yellow
                  | scales. (AC +2) [demonic ancestry]
  3547 | D:4      | Reached XP level 6. HP: 44/47 MP: 6/6
  3719 | D:4      | Found a shadowy altar of Dithmenos.
  3721 | D:4      | Found Civabome's Assorted Antiques.
  3742 | D:4      | Bought a scroll of magic mapping for 77 gold pieces
  3742 | D:4      | Bought a blue potion for 19 gold pieces
  3742 | D:4      | Bought a blue potion for 19 gold pieces
  3742 | D:4      | Bought a pink potion for 19 gold pieces
  4132 | D:5      | Entered Level 5 of the Dungeon
  4138 | D:5      | Found a blossoming altar of Fedhas.
  4166 | D:5      | Reached skill level 5 in Axes
  4375 | D:5      | Gained mutation: You may emit foul miasma when damaged in
                  | melee. [demonic ancestry]
  4375 | D:5      | Reached XP level 7. HP: 51/52 MP: 7/7
  4399 | D:5      | Found a snail-covered altar of Cheibriados.
  4753 | D:5      | Reached skill level 6 in Axes
  4963 | D:6      | Reached skill level 1 in Shields
  4966 | D:6      | Reached ** piety under Trog
  5409 | D:6      | Found a staircase to the Ecumenical Temple.
  5425 | Temple   | Entered the Ecumenical Temple
  5673 | D:6      | Reached XP level 8. HP: 56/60 MP: 8/8
  5734 | D:6      | Found an ancient bone altar of Kikubaaqudgha.
  5734 | D:6      | Found a sparkling altar of Nemelex Xobeh.
  5735 | D:6      | Noticed Sigmund
  5751 | D:6      | Killed Sigmund
  5751 | D:6      | Reached skill level 1 in Long Blades
  6352 | D:7      | Noticed Harold
  6378 | D:7      | Killed Harold
  6378 | D:7      | Killed from afar by Harold

Illustrated notes

Levels and vault maps discovered:
D:1:      matt_arrival_diagonals, layout_basic, hex_intersection
D:2:      layout_basic, uniq_natasha
D:3:      layout_rooms, lemuel_crystal_altar, overflow_temple_1_default,
          first_ration, st_stairs_7, bloody_makhleb
D:4:      minmay_general_purpose_star, layout_loops_ring,
          grunt_dithmenos_smoke_and_mirrors, serial_shops, shop,
          minmay_crystal_water
D:5:      layout_basic, old_standard_altar, fedhas_ov_isle_minmay,
          minmay_misc_feat_encased, water_maze_lemuel
D:6:      layout_basic, chequers_temple_overflow_statue_of_worship,
          minmay_temple_entry_sparse_star, uniq_sigmund
D:7:      kennysheep_big_flooded_room, layout_loops_cross, xom_confusion_cloud,
          the_bakery, elyvilon_altar_5, uniq_harold, uniq_joseph
Temple:   dpeg_chambers_temple

Skill      XL: |  1  2  3  4  5  6  7  8 |
---------------+-------------------------+-----
Axes           | 3 4 5 6 |  6.8
Dodging        | 3 4 |  4.1
Armour         | 1 2 3 |  3.9
Fighting       | 3 4 |  4.2
Shields        | 1 |  1.4
Long Blades    | 1 |  1.4
Polearms       | |  0.7
Throwing       | |  1.9
Stealth        | |  0.9

Action                   |  1- 3 |  4- 6 |  7- 9 || total
-------------------------+-------+-------+-------++-------
Melee: War axe           |    60 |   180 |    67 ||   307
       Spear             |    19 |       |       ||    19
       Kick              |     4 |    46 |    45 ||    95
       Falchion          |       |       |    79 ||    79
  Use: Scroll            |     9 |     3 |     6 ||    18
       Potion            |       |     2 |     5 ||     7
  Eat: Chunk             |     3 |     5 |     3 ||    11
       Ration            |       |     1 |     1 ||     2
Armor: Ring mail         |    46 |    13 |       ||    59
       Leather armour    |     1 |       |       ||     1
       Scale mail        |       |    58 |    36 ||    94
Dodge: Dodged            |    59 |   142 |   115 ||   316
Block: Buckler           |       |    19 |    26 ||    45
       Rpst.: Falchion   |       |       |    15 ||    15
